 Dungeon Crawl Stone Soup version 0.25.1-2-g60ff931df9 (webtiles) character file.

Game seed: 1476230350019247386

1494 gruber the Cleaver (level 8, 0/68 HPs)
             Began as a Deep Dwarf Fighter on Aug 20, 2020.
             Slain by an unseen horror (2 damage)
             ... on level 5 of the Dungeon.
             The game lasted 00:05:57 (3946 turns).

gruber the Cleaver (Deep Dwarf Fighter)             Turns: 3946, Time: 00:05:58

Health: 0/68       AC:  9    Str: 22    XL:     8   Next: 51%
Magic:  6/6        EV:  7    Int:  9    God:
Gold:   341        SH: 10    Dex: 12    Spells: 7/7 levels left

rFire    . . .     SeeInvis .   r - +0 broad axe
rCold    . . .     Gourm    .   c - +1 kite shield
rNeg     . . .     Faith    .   b - +0 scale mail
rPois    .         Spirit   .   v - +0 helmet
rElec    .         Reflect  .   (no cloak)
rCorr    .         Harm     .   (no gloves)
MR       +....     Rnd*Tele +   (no boots)
Stlth    +.........             (no amulet)
HPRegen  0.00/turn              e - ring of teleportation (curse)
MPRegen  0.10/turn              g - ring of stealth

@: non-regenerating
A: damage resistance, heal wounds, sense surroundings 1, no regeneration
a: Heal Wounds


You were on level 5 of the Dungeon.
You were not hungry.

You visited 1 branch of the dungeon, and saw 7 of its levels.

You collected 341 gold pieces.

Inventory:

Hand Weapons
 r - a +0 broad axe (weapon)
Armour
 b - a +0 scale mail (worn)
 c - a +1 kite shield (worn)
 s - a +1 leather armour of fire resistance
 v - a +0 helmet (worn)
Jewellery
 e - a cursed ring of teleportation (left hand)
 g - a ring of stealth (right hand)
 p - an uncursed ring of stealth
Wands
 z - a wand of acid (12)
Scrolls
 h - a scroll of enchant armour
 i - a scroll of immolation {unknown}
 k - 3 scrolls of remove curse {unknown}
 m - 10 scrolls of identify {unknown}
 o - a scroll of amnesia {unknown}
 t - 2 scrolls of blinking {unknown}
 u - 3 scrolls of teleportation {unknown}
 y - 2 scrolls of fog {unknown}
Potions
 d - a potion of cancellation {unknown}
 j - a potion of haste {unknown}
 l - 4 potions of heal wounds {unknown}
 n - 2 potions of mutation {unknown}
 q - 2 potions of curing {unknown}
 w - a potion of degeneration {unknown}
 x - 2 potions of invisibility {unknown}
Comestibles
 f - 9 rations


   Skills:
 - Level 2.6 Fighting
 - Level 10.1 Axes
 * Level 7.0 Armour
 - Level 3.2 Shields


You had 7 spell levels left.
You didn't know any spells.
Your spell library was empty.

Dungeon Overview and Level Annotations

Branches:
Dungeon (7/15)
 Temple: D:4-7

Altars:
Dithmenos

Shops:
D:6 (


Innate Abilities, Weirdness & Mutations

You are resistant to damage.
You can heal yourself by infusing magical energy.
You passively map a small area around you.
You do not regenerate.


Message History

* * * LOW HITPOINT WARNING * * *
You swing at nothing.
Something hits you but does no damage.
A hound comes into view.
You swing at nothing.
The hound barks!
Something hits you!
* * * LOW HITPOINT WARNING * * *
Something hits you.
* * * LOW HITPOINT WARNING * * *
You slash something! You block something's attack.
Something hits you but does no damage.
You hit something. Something hits you.
* * * LOW HITPOINT WARNING * * *
Something hits you.
* * * LOW HITPOINT WARNING * * *
Your shield and scale mail prevent you from hitting something.
Something hits you.
* * * LOW HITPOINT WARNING * * *
You miss something. Something hits you.
You die...

* , * * ### ,
,.. * ##.# * *
** #... , , *
#.#.## , , *
#####..#.### ,
,
....(...#@.#**,
* *
######...##..#*
* , #.#.#
#!..#, * #.#..#
.##... * *
#.##..(,. ,#. ,
* ##.######.#
###...### ,. *
, * * #.......#
##* #.#...#.# *


There were no monsters in sight!

Vanquished Creatures
  An orc warrior (D:4)
  A sky beast (D:7)
  A black bear (D:7)
  A centaur (D:7)
  2 ogres (D:4)
  A big kobold (D:7)
  A bullfrog (D:7)
  2 scorpions (D:4)
  3 wights (D:6)
  A crimson imp (D:6)
  A bullfrog zombie (D:5)
  A gnoll shaman (D:7)
  A hound (D:7)
  2 orc priests (D:7)
  A bullfrog skeleton (D:6)
  2 orc wizards
  2 iguanas
  A worker ant (D:4)
  8 gnolls
  7 adders
  An ooze (D:2)
  An adder skeleton (D:5)
  3 worms
  2 dart slugs (D:1)
  3 leopard geckos
  16 orcs
  8 bats
  2 giant cockroaches
  12 hobgoblins
  10 jackals
  14 kobolds
  A quokka (D:6)
  A ball python (D:2)
  4 frilled lizards
  9 goblins
  2 quokka skeletons (D:4)
  9 rats
138 creatures vanquished.

Notes
Turn   | Place    | Note
-------+----------+-------------------------------------------
     0 | D:1      | gruber the Deep Dwarf Fighter began the quest for the Orb.
     0 | D:1      | Reached XP level 1. HP: 20/20 MP: 1/1
    93 | D:1      | Reached skill level 3 in Axes
   109 | D:1      | Reached XP level 2. HP: 25/27 MP: 2/2
   424 | D:1      | Reached XP level 3. HP: 31/33 MP: 3/3
   595 | D:1      | Reached skill level 4 in Axes
   972 | D:2      | Found a faded altar of an unknown god.
   986 | D:2      | Reached XP level 4. HP: 28/40 MP: 4/4
  1075 | D:2      | Reached skill level 5 in Axes
  1180 | D:2      | Found a shadowy altar of Dithmenos.
  2115 | D:3      | Reached XP level 5. HP: 23/46 MP: 5/5
  2628 | D:4      | Noticed an ogre
  2633 | D:4      | Killed an ogre
  2633 | D:4      | Reached skill level 6 in Axes
  2645 | D:4      | Reached skill level 7 in Axes
  2645 | D:4      | Reached XP level 6. HP: 43/55 MP: 6/6
  2875 | D:4      | Reached skill level 8 in Axes
  2917 | D:4      | Noticed an orc warrior
  2942 | D:4      | Killed an orc warrior
  2942 | D:4      | Reached XP level 7. HP: 28/61 MP: 7/7
  3116 | D:4      | You fall into a shaft and drop 3 floors!
  3134 | D:7      | Reached skill level 9 in Axes
  3143 | D:7      | Reached skill level 10 in Axes
  3235 | D:7      | Reached XP level 8. HP: 40/68 MP: 7/7
  3248 | D:7      | Reached skill level 5 in Armour
  3602 | D:6      | Found Voenaon's Weapon Emporium.
  3831 | D:5      | Entered Level 5 of the Dungeon
  3944 | D:5      | HP: 3/68 [something (1)]
  3946 | D:5      | Slain by an unseen horror

Illustrated notes

Levels and vault maps discovered:
D:1:      minmay_arrival_doors, layout_loops_ring
D:2:      layout_basic, grunt_dithmenos_smoke_and_mirrors,
          chequers_ecumenical_altar_island
D:3:      layout_loops_ring
D:4:      layout_loops_ring, first_ration, grunt_ministairs_11,
          kennysheep_diamond
D:5:      layout_loops_ring, minmay_temple_entry_antechambers,
          minmay_manual_mess
D:6:      layout_loops_corners, serial_shops, shop,
          eino_small_chamber_without_monster, uniq_pikel
D:7:      layout_cave_pools, basic_altar

Skill      XL: |  1  2  3  4  5  6  7  8 |
---------------+-------------------------+-----
Axes           | 3 4 5 7 8 10 | 10.1
Armour         | 4 7 |  7.0
Fighting       | |  2.6
Shields        | |  3.2

Action                   |  1- 3 |  4- 6 |  7- 9 || total
-------------------------+-------+-------+-------++-------
Melee: War axe           |   117 |    40 |       ||   157
       Broad axe         |       |   176 |   161 ||   337
 Abil: Heal Wounds       |       |     1 |     7 ||     8
  Use: Scroll            |       |     1 |       ||     1
       Potion            |       |       |     1 ||     1
  Eat: Chunk             |       |     7 |     4 ||    11
Armor: Scale mail        |    51 |   101 |    81 ||   233
Dodge: Dodged            |    39 |    65 |    50 ||   154
Block: Kite shield       |    53 |    98 |   101 ||   252
